 Seeded DCSS version 0.29.1-15-g9cfb28693d (webtiles) character file.

Game seed: 6545364 (custom seed)

67 Fluidstar381 the Trooper (level 4, -3/40 HPs)
             Began as a Hill Orc Fighter on Feb 27, 2023.
             Slain by Grinder (5 damage)
             ... on level 3 of the Dungeon.
             The game lasted 00:11:00 (1323 turns).

Fluidstar381 the Trooper (Hill Orc Fighter)         Turns: 1323, Time: 00:11:00

Health: -3/40      AC:  8    Str: 20    XL:     4   Next: 18%
Magic:  4/4        EV:  9    Int:  8    God:
Gold:   91         SH:  4    Dex: 10    Spells: 3/3 levels left

rFire   . . .      SeeInvis .   a - +2 war axe
rCold   . . .      Faith    .   c - +0 buckler
rNeg    . . .      Spirit   .   b - +0 scale mail
rPois   .          Reflect  .   v - +0 helmet
rElec   .          Harm     .   (no cloak)
rCorr   .          Rampage  .   (no gloves)
Will    .....                   (no boots)
Stlth   ..........              (no amulet)
HPRegen 0.13/turn               (no ring)
MPRegen 0.09/turn               (no ring)

@: mighty
A: no striking features
a: no special abilities


You were on level 3 of the Dungeon.
You visited 1 branch of the dungeon, and saw 3 of its levels.

You collected 91 gold pieces.

Inventory:

Hand Weapons
 a - a +2 war axe (weapon)
 h - a +0 short sword
 i - a +0 short sword
 j - a +0 dagger
 o - a +0 club
 s - a +0 short sword
 t - a +0 dagger
 u - a +0 falchion
 w - a +0 dagger
Missiles
 m - 18 stones
Armour
 b - a +0 scale mail (worn)
 c - a +0 buckler (worn)
 f - a +0 robe
 v - a +0 helmet (worn)
 x - a +0 robe
Scrolls
 l - a scroll of poison {unknown}
 q - a scroll of identify (quivered)
Potions
 e - 2 potions of lignification {unknown}
 g - 2 potions of curing {unknown}
 k - a potion of experience {unknown}
 n - a potion of attraction {unknown}
 p - a potion of haste {unknown}
 r - 2 potions of heal wounds {unknown}


   Skills:
 + Level 4.2 Fighting
 + Level 3.8 Axes
 + Level 3.7 Armour
 + Level 0.6 Dodging
 + Level 3.8 Shields


You had 3 spell levels left.
You didn't know any spells.
Your spell library was empty.

Dungeon Overview and Level Annotations

Branches:
Dungeon (3/15)

Altars:

Annotations:
D:3 Grinder


Message History

You kill the worm!
You see here a worm corpse.
Jessica the Apprentice Sorceress comes into view.
She is wielding a +0 dagger.
Jessica hits you with a +0 dagger.
You hit Jessica but do no damage. Jessica hits you with a +0 dagger. x2
You slash Jessica!
You kill Jessica!
You have reached level 4!
Things that are here:
a +0 dagger; a +0 robe
w - a +0 dagger;
x - a +0 robe Grinder comes into view.
Grinder shouts!
Grinder gestures at you. Pain shoots through your body!
You slash Grinder!
Grinder is moderately wounded.
Grinder gestures at you. Pain shoots through your body!
You slash Grinder!
Grinder is heavily wounded.
Grinder hits you but does no damage. x2
You slash Grinder!
Grinder is almost dead.
Grinder gestures at you.
You suddenly lose the ability to move!
Grinder hits you.
You writhe in agony.
* * * LOW HITPOINT WARNING * * *
Grinder hits you but does no damage.
A frilled lizard comes into view.
Grinder hits you.
* * * LOW HITPOINT WARNING * * *
You writhe in agony.
* * * LOW HITPOINT WARNING * * *
You can move again.
The frilled lizard hisses angrily.
Grinder says, "You look like you could use a good racking."
You feel very mighty all of a sudden. Grinder hits you.
You die...

# .# ##.# ...#
#..# ## ##..# .#
... .######### #l#
.##......# #5#
......##.#######@#
.##.#............#
.##.#..#.#########
.##.####.# ###..
..# ### ####


You could see Grinder and a frilled lizard.

Vanquished Creatures
  Jessica (D:3)
  A worm (D:3)
  6 bats
  3 endoplasms
  A giant cockroach (D:1)
  3 goblins
  3 hobgoblins
  7 jackals
  A kobold (D:1)
  A quokka (D:1)
  2 ball pythons (D:2)
  3 frilled lizards
  4 rats
36 creatures vanquished.

Notes
Turn   | Place    | Note
-------+----------+-------------------------------------------
     0 | D:1      | Fluidstar381 the Hill Orc Fighter began the quest for the
                  | Orb.
     0 | D:1      | Reached XP level 1. HP: 19/19 MP: 1/1
   120 | D:1      | Reached XP level 2. HP: 24/27 MP: 2/2
   123 | D:1      | Reached skill level 4 in Fighting
   275 | D:1      | Found a faded altar of an unknown god.
   803 | D:2      | Reached XP level 3. HP: 27/33 MP: 3/3
  1295 | D:3      | Noticed Jessica
  1299 | D:3      | Killed Jessica
  1300 | D:3      | Reached XP level 4. HP: 33/40 MP: 4/4
  1312 | D:3      | Noticed Grinder
  1318 | D:3      | Paralysed by Grinder for 4 turns
  1321 | D:3      | HP: 2/40 [Grinder (6)]
  1323 | D:3      | Slain by Grinder

Illustrated notes

Levels and vault maps discovered:
D:1:      sevenhm_arrival_forest_fort_small_1, layout_loops_ring,
          ebering_ecumenical_altar_mist, chequers_serial_rivers_large_b,
          minmay_close_crescents
D:2:      layout_loops_ring, chequers_mini_garden, kennysheep_generic_room_11
D:3:      layout_loops_cross, overflow_temple_1_default, serial_shops,
          nicolae_lakefront_shop, uniq_natasha, uniq_grinder, uniq_jessica

Skill      XL: |  1  2 |
---------------+-------+-----
Fighting       | 4 |  4.2
Axes           | 3 |  3.8
Armour         | |  3.7
Dodging        | |  0.6
Shields        | |  3.8

Action                   |  1- 3 |  4- 6 || total
-------------------------+-------+-------++-------
Melee: War axe           |    78 |     3 ||    81
  Use: Scroll            |     5 |       ||     5
       Potion            |     1 |     1 ||     2
Armor: Scale mail        |    71 |     3 ||    74
Dodge: Dodged            |   101 |       ||   101
Block: Buckler           |    29 |       ||    29
